 Dungeon Crawl Stone Soup version 0.24.0-37-gcf1ca852f1 (webtiles) character file.

Game seed: 7300564753492576238, levelgen mode: deterministic

14574 Iamsoldier the Blocker (level 12, -7/76 HPs)
             Began as a Gargoyle Fighter on Nov 24, 2019.
             Was the Champion of Cheibriados.
             Mangled by a red ugly thing (23 damage)
             ... on level 11 of the Dungeon.
             The game lasted 00:32:35 (12115 turns).

Iamsoldier the Blocker (Gargoyle Fighter)          Turns: 12115, Time: 00:32:38

Health: -7/76      AC: 24    Str: 38    XL:     12   Next: 17%
Magic:  13/15      EV:  8    Int: 26    God:    Cheibriados [******]
Gold:   444        SH: 21    Dex: 28    Spells: 11/11 levels left

rFire    . . .     SeeInvis .   a - +9 staff of Olgreb {rPois}
rCold    . . .     Gourm    .   c - +0 shield
rNeg     + . .     Faith    .   k - +0 chain mail
rPois    ∞         Spirit   .   r - +0 helmet
rElec    +         Reflect  +   (no cloak)
rCorr    +         Harm     .   (no gloves)
MR       .....                  s - +1 pair of boots
Stlth    ..........             d - +5 amulet of reflection
HPRegen  0.22/turn              p - +4 ring of dexterity
MPRegen  0.14/turn              n - ring of resist corrosion

@: very slow
A: negative energy resistance 1, electricity resistance, unbreathing,
petrification resistance, rot immunity, AC +8
a: Bend Time, Temporal Distortion, Slouch, Step From Time, Renounce Religion


You were on level 11 of the Dungeon.
You worshipped Cheibriados.
Cheibriados was exalted by your worship.
You were hungry.

You visited 1 branch of the dungeon, and saw 11 of its levels.
You also visited: Ossuary.

You collected 444 gold pieces.

Inventory:

Hand Weapons
 a - the +9 staff of Olgreb (weapon) {rPois}
   (You found it on level 8 of the Dungeon)

   It protects you from poison.
 b - the +2 spear "Nelos" {flame, rF+ Str+3 SInv}
   (You found it on level 11 of the Dungeon)

   It has been specially enchanted to burn those struck by it, causing extra
   injury to most foes and up to half again as much damage against particularly
   susceptible opponents.
   It affects your strength (+3).
   It protects you from fire.
   It lets you see invisible.
Armour
 c - a +0 shield (worn)
 k - a +0 chain mail (worn)
 r - a +0 helmet (worn)
 s - a +1 pair of boots (worn)
Jewellery
 d - a +5 amulet of reflection (around neck)
 m - a +3 ring of intelligence
 n - a ring of resist corrosion (right hand)
 p - a +4 ring of dexterity (left hand)
 I - an uncursed ring of flight {unknown}
Wands
 o - a wand of acid (4)
 v - a wand of polymorph (17)
 w - a wand of flame (20)
 E - a wand of digging (17)
 H - a wand of scattershot (6)
Scrolls
 e - 3 scrolls of teleportation
 g - 3 scrolls of fog
 j - 7 scrolls of random uselessness
 l - 5 scrolls of identify
 q - a scroll of enchant weapon
 x - 2 scrolls of magic mapping
 y - 4 scrolls of immolation {unknown}
 z - a scroll of blinking
 A - 4 scrolls of remove curse
 F - 2 scrolls of enchant armour {unknown}
Potions
 h - 4 potions of lignification
 i - 2 potions of agility
 t - a potion of heal wounds
 u - 4 potions of curing
 D - a potion of might
 J - 2 potions of mutation {unknown}
Comestibles
 f - 22 rations


   Skills:
 + Level 9.3 Fighting
   Level 9.1(10.1) Maces & Flails
 * Level 6.7(9.0) Staves
 + Level 9.3 Armour
 * Level 11.0 Shields
 + Level 4.7 Invocations
 - Level 3.4 Evocations


You had 11 spell levels left.
You didn't know any spells.
Your spell library contained the following spells:

 Spells                   Type           Power        Failure   Level  Hunger
 Static Discharge         Conj/Air       #.......     89%         3    ####...
 Lightning Bolt           Conj/Air       #.........   100%        5    ######.
 Ignition                 Fire           #.........   100%        8    #######
 Shatter                  Erth           #.........   100%        9    #######
 Tornado                  Air            #.........   100%        9    #######


Dungeon Overview and Level Annotations

Branches:
Dungeon (11/15)            Temple (0/1) D:6            Lair (0/6) D:9
    Orc (0/2) D:10        Ossuary (visited)

Altars:
Cheibriados
Gozag
Nemelex Xobeh

Shops:
D:9 ?


Innate Abilities, Weirdness & Mutations

You are resistant to torment.
Your stone body is resilient. (AC +8)
You are immune to poison.
You resist negative energy. (rN+)
You are resistant to electric shocks. (rElec)
You can survive without breathing.
You are immune to petrification.
You are immune to rotting.


Message History

The red ugly thing is moderately wounded.
You completely miss the red ugly thing.
The red ugly thing is moderately wounded.
You block the red ugly thing's attack.
Your unstable footing causes you to fumble your attack.
The red ugly thing bites you!
You are engulfed in flames!!
* * * LOW HITPOINT WARNING * * *
You closely miss the red ugly thing.
The red ugly thing is heavily wounded.
You block the red ugly thing's attack.
You feel much better. You block the red ugly thing's attack.
You feel much better. The red ugly thing bites you.
You are engulfed in flames!!
You thump the red ugly thing!
The red ugly thing looks as sick as possible!
The red ugly thing is severely wounded.
The red ugly thing bites you!
* * * LOW HITPOINT WARNING * * *
You are engulfed in flames!!
You die...

#.#### #...### #....#
###...### ####.# ###...#
##### ##########'##
###.#≈####........)..#
#.#≈.)..##...........# #.
#....≈#≈#...........#
#...##..#.8..#...........'
#...#...≈@≈≈##...........#
#...####'u####...........#
#...........##...).......#
#.........####...........#
#.$...................####
#.#................#..#
#..##............##...#
/..#.#..........#.#..## .
..#.##....(.##.#...#


You could see a red ugly thing.

Vanquished Creatures
  The ghost of Nicoed the Bludgeoner, a journeyman GrFi of Okawaru (D:11)
  A hydra (D:9)
  A two-headed ogre (D:9)
  2 unseen horrors
  Pikel (D:7)
  2 ugly things (D:11)
  An elephant (D:9)
  A hornet (D:10)
  A troll (D:11)
  2 hippogriffs
  2 dream sheep (D:9)
  3 wraiths
  A basilisk (D:9)
  2 yaks (D:9)
  3 hungry ghosts
  Eustachio (D:6)
  Grum (D:11)
  A steam dragon (D:9)
  Menkaure (D:6)
  3 soldier ants (D:8)
  A two-headed ogre zombie (D:10)
  4 water moccasins
  Duvessa (D:4)
  An ice beast (D:6)
  3 sky beasts
  3 ogres
  Purgy (D:3)
  3 black bears
  2 wolves (D:11)
  3 phantoms
  4 centaurs
  A crocodile (D:9)
  5 big kobolds
  5 bullfrogs
  Dowan (D:4)
  A troll zombie (D:10)
  A wyvern skeleton (D:6)
  4 scorpions
  14 killer bees
  4 howler monkeys
  2 crimson imps
  6 centaur zombies
  A bullfrog zombie (D:8)
  A human zombie (Ossuary)
  A quasit (D:5)
  2 bullfrog skeletons
  3 jellies
  6 orc priests
  5 hounds
  7 orc wizards
  An iguana (D:8)
  Ijyb (D:5)
  10 worker ants
  A killer bee zombie (D:9)
  6 ogre zombies (D:10)
  A big kobold zombie (Ossuary)
  5 mummies (Ossuary)
  2 worker ant zombies (D:5)
  8 gnolls
  14 adders
  3 shadow imps
  An adder skeleton (D:9)
  2 worms (D:2)
  5 leopard geckos
  28 orcs
  2 ball pythons
  13 bats
  3 giant cockroaches
  5 goblins
  8 hobgoblins
  15 jackals
  11 kobolds
  6 quokkas
  3 frilled lizards
  6 goblin skeletons (D:10)
  3 goblin zombies (D:10)
  2 hobgoblin skeletons (D:10)
  2 hobgoblin zombies
  A jackal skeleton (D:4)
  5 orc skeletons (D:10)
  11 orc zombies
  3 rats
314 creatures vanquished.

Vanquished Creatures (others)
  A slave (D:7)
  An orc priest (D:7)
  An orc wizard (D:7)
  An adder (D:9)
  An adder skeleton (D:7)
  4 orcs
  A jackal (D:7)
10 creatures vanquished.

Grand Total: 324 creatures vanquished

Notes
Turn   | Place    | Note
-------+----------+-------------------------------------------
     0 | D:1      | Iamsoldier the Gargoyle Fighter began the quest for the
                  | Orb.
     0 | D:1      | Reached XP level 1. HP: 14/14 MP: 1/1
   122 | D:1      | Reached XP level 2. HP: 9/19 MP: 2/2
   634 | D:1      | Reached XP level 3. HP: 23/23 MP: 3/3
   657 | D:1      | Found a sparkling altar of Nemelex Xobeh.
  1357 | D:2      | Reached XP level 4. HP: 18/29 MP: 4/4
  1678 | D:2      | Reached skill level 4 in Shields
  1950 | D:2      | Noticed a sky beast
  1974 | D:2      | Killed a sky beast
  1974 | D:2      | Reached XP level 5. HP: 25/33 MP: 5/5
  2120 | D:2      | Reached XP level 6. HP: 38/38 MP: 6/6
  2474 | D:3      | Found a snail-covered altar of Cheibriados.
  2484 | D:3      | Noticed Purgy
  2504 | D:3      | Killed Purgy
  2783 | D:3      | Became a worshipper of Cheibriados the Contemplative
  3790 | D:4      | Reached XP level 7. HP: 39/44 MP: 7/7
  3931 | D:4      | Noticed Duvessa
  3931 | D:4      | Noticed Dowan
  3952 | D:4      | Killed Duvessa
  3952 | D:4      | Reached skill level 5 in Maces & Flails
  3952 | D:4      | Reached skill level 5 in Armour
  3952 | D:4      | Reached skill level 5 in Shields
  3955 | D:4      | Killed Dowan
  3955 | D:4      | Reached skill level 5 in Fighting
  4463 | D:4      | Reached * piety under Cheibriados
  4592 | D:5      | Entered Level 5 of the Dungeon
  4634 | D:5      | Reached XP level 8. HP: 41/49 MP: 8/8
  5103 | D:5      | Noticed Ijyb
  5123 | D:5      | Killed Ijyb
  5675 | D:6      | Found a staircase to the Ecumenical Temple.
  5824 | D:6      | Reached skill level 1 in Invocations
  5873 | D:6      | Noticed Menkaure
  5881 | D:6      | Killed Menkaure
  6126 | D:6      | Noticed Eustachio
  6174 | D:6      | Killed Eustachio
  6174 | D:6      | Reached skill level 6 in Shields
  6277 | D:6      | Reached ** piety under Cheibriados
  6277 | D:6      | Reached XP level 9. HP: 55/55 MP: 10/10
  7016 | D:7      | Noticed Pikel
  7035 | D:7      | Killed Pikel
  7648 | D:7      | Reached skill level 7 in Shields
  7870 | D:8      | Reached *** piety under Cheibriados
  7885 | D:8      | Found a sand-covered staircase.
  8025 | Ossuary  | Entered an ossuary
  8125 | Ossuary  | Reached XP level 10. HP: 63/63 MP: 13/13
  8221 | D:8      | Found a runed translucent door.
  8222 | D:8      | Found a runed translucent gate.
  8222 | D:8      | Found a runed translucent gate.
  8235 | D:8      | Found a runed translucent door.
  8237 | D:8      | Found the +9 staff of Olgreb {rPois}
  8258 | D:8      | Found a runed translucent gate.
  8362 | D:8      | Reached skill level 8 in Shields
  8394 | D:8      | Reached **** piety under Cheibriados
  8650 | D:8      | Reached skill level 1 in Staves
  9050 | D:8      | Killed an unseen horror
  9050 | D:8      | Reached skill level 1 in Evocations
  9591 | D:9      | Reached skill level 9 in Shields
  9667 | D:9      | Noticed a two-headed hydra
  9675 | D:9      | Killed a two-headed hydra
  9675 | D:9      | Reached XP level 11. HP: 58/68 MP: 14/14
  9765 | D:9      | Found Zeymut's Magic Scroll Shop.
  9766 | D:9      | Noticed a two-headed ogre
  9788 | D:9      | Reached ***** piety under Cheibriados
  9795 | D:9      | Killed a two-headed ogre
  9915 | D:9      | Found a staircase to the Lair.
 10615 | D:9      | Reached skill level 5 in Staves
 10744 | D:9      | Reached skill level 10 in Shields
 10779 | D:10     | Entered Level 10 of the Dungeon
 10942 | D:10     | Killed an unseen horror
 11043 | D:10     | Found a staircase to the Orcish Mines.
 11102 | D:10     | Reached ****** piety under Cheibriados
 11754 | D:11     | Noticed Grum
 11766 | D:11     | Noticed a white ugly thing
 11766 | D:11     | Noticed a green ugly thing
 11773 | D:11     | Killed Grum
 11788 | D:11     | Killed a green ugly thing
 11799 | D:11     | Killed a green ugly thing
 11799 | D:11     | Reached XP level 12. HP: 64/76 MP: 15/15
 11874 | D:11     | Found an opulent altar of Gozag.
 11907 | D:11     | Identified the +2 spear "Nelos" {flame, rF+ Str+3 SInv}
                  | (You found it on level 11 of the Dungeon)
 11978 | D:11     | Found a large runed translucent door.
 11978 | D:11     | Noticed Nicoed's ghost (journeyman GrFi)
 11979 | D:11     | Found a large runed translucent door.
 12081 | D:11     | Killed Nicoed's ghost
 12081 | D:11     | Reached skill level 11 in Shields
 12115 | D:11     | Mangled by a red ugly thing

Levels and vault maps discovered:
D:1:      lightli_arrival_quake, layout_basic, nemelex_diamond_rough_becter
D:2:      layout_loops_ring, kennysheep_big_empty_room
D:3:      layout_basic, lemuel_crystal_altar, uniq_purgy
D:4:      layout_gridville, uniq_duvessa
D:5:      layout_loops_ring, first_ration, uniq_ijyb
D:6:      layout_rooms, minmay_temple_entry_mini_moons, minmay_misc_feat_x,
          hangedman_abyss_or_decor_lesser_grid, uniq_menkaure, uniq_eustachio
D:7:      layout_gridville, uniq_pikel
D:8:      layout_layer_cave, chequers_ossuary_entry_cave,
          minmay_guarded_unrand_staff_of_olgreb
D:9:      minmay_angry_zag, layout_loops_ring, david_lair_generic, serial_shops,
          shop, hangedman_ranch [blue_anna_fruit_fields]
D:10:     layout_irregular_city, zombieorc2_lemuel
D:11:     layout_roguey, basic_altar, ebering_ghost_disaster_area,
          minmay_misc_feat_secret_circle, nicolae_zen_rock_garden, uniq_grum

Skill      XL: |  1  2  3  4  5  6  7  8  9 10 11 12 |
---------------+-------------------------------------+-----
Maces & Flails | 3 4 5 7 8 9 |  9.1
Fighting       | 4 5 6 7 8 9 |  9.3
Armour         | 4 5 6 7 8 9 |  9.3
Shields        | 4 5 6 7 9 10 11 | 11.0
Invocations    | 2 4 |  4.7
Staves         | 3 6 |  6.7
Evocations     | 2 3 |  3.4

Action                   |  1- 3 |  4- 6 |  7- 9 | 10-12 || total
-------------------------+-------+-------+-------+-------++-------
Melee: Flail             |   131 |   196 |   322 |   123 ||   772
       Whip              |       |       |    90 |       ||    90
       Staff             |       |       |       |   566 ||   566
Invok: Bend Time         |       |       |       |     3 ||     3
Evoke: Staff of Olgreb   |       |       |       |     1 ||     1
  Use: Scroll            |       |     8 |     8 |     1 ||    17
       Potion            |       |     1 |     1 |     5 ||     7
  Eat: Chunk             |     1 |     7 |     9 |     8 ||    25
       Ration            |       |     1 |       |     1 ||     2
Armor: Scale mail        |    89 |   145 |    42 |       ||   276
       Chain mail        |       |       |   189 |   262 ||   451
       Skin              |       |       |    22 |     8 ||    30
Dodge: Dodged            |    38 |    84 |    91 |   124 ||   337
Block: Shield            |    78 |   149 |   352 |   632 ||  1211
       Reflection        |       |       |     3 |    17 ||    20
